[Event "Doeberl Cup 2022"]
[Site "Canberra"]
[Date "2022.04.18"]
[Round "9.7"]
[White "Banerjee, Niki"]
[Black "Clarke, Matthew"]
[Result "1/2-1/2"]
[ECO "D13"]
[WhiteElo "2043"]
[BlackElo "2109"]
[Annotator "TA"]
[PlyCount "131"]
[EventDate "2022.04.14"]
[EventType "swiss"]
[EventCountry "AUS"]
[SourceTitle "playchess.com"]
[Source "ChessBase"]
[SourceQuality "1"]
[TimeControl "5400+30"]

1. d4 d5 2. c4 c6 3. cxd5 cxd5 4. Nc3 Nf6 5. Bg5 e6 6. e3 Nc6 7. Bd3 h6 8. Bh4 Be7 9. Nf3 O-O 10. O-O Ne4 {[%emt 0:00:30] D13: Slav Defence: Exchange variation without ...Bf5.} 11. Bxe7 Nxc3 12. bxc3 Qxe7 13. e4 dxe4 14. Bxe4 {[%emt 0:00:30] [#]} Rd8 $146 ({Predecessor:} 14... Bd7 15. Bc2 Rfd8 16. Qd3 g6 17. Rfe1 Qf6 18. Qd2 Qg7 19. h4 Rac8 20. Rab1 b6 {½-½ (89) Bondarevsky,I-Simagin,V Moscow 1946}) 15. Re1 Qc7 16. Bc2 Bd7 17. Qd3 {[%emt 0:00:30] Threatens to win with Qh7+.} g6 18. h4 $36 {[%emt 0:00:30][%cal Oh4h5][%mdl 2048] White has some pressure.} Rac8 19. Qe3 Kg7 20. Rac1 Ne7 {[%emt 0:00:30] [#] And now ...Nd5 would win.} 21. c4 {[%emt 0:00:30][%cal Oh4h5] Against Nd5} Nf5 22. Bxf5 exf5 23. d5 Qc5 24. Qe5+ (24. Qf4 $16) 24... f6 $1 $14 25. Qe7+ Qxe7 26. Rxe7+ Kf8 27. Rce1 Be8 (27... Kg8 $11 {remains equal.}) 28. Rxb7 $16 {[%emt 0:00:30] 0x0.00138d2c057ddp-1022s more active pieces.} (28. Nd2 $6 Rd7 29. Rxd7 (29. R7e6 Bf7 $15) 29... Bxd7 $11) 28... Rxc4 {[%emt 0:00:30] [#]} 29. Re6 $1 (29. Rxa7 $6 Rxd5 30. Ra6 Re4 $11) 29... Kg8 30. Ree7 a5 31. d6 Rc1+ (31... Bc6 $2 32. Rg7+ (32. Rbc7 Bd5 $16) 32... Kh8 33. Rh7+ Kg8 34. Rbg7+ Kf8 35. Rf7+ (35. Rxg6 Rxd6 36. Rhxh6 Bxf3 $16) 35... Kg8 36. Rfg7+ (36. Rhg7+ Kh8 $16) 36... Kf8 37. Rf7+ (37. Rxg6 Rxd6 38. Rgxh6 Rg4 $16) 37... Kg8 38. Rfg7+ $16 (38. Rhg7+ Kh8 $16)) 32. Kh2 Rd1 {[%emt 0:00:30] Against Nd4} 33. h5 (33. Rg7+ $16 Kf8 34. Rh7) 33... g5 $1 $11 {[%emt 0:00:30] The position is equal.} 34. Rg7+ Kf8 35. Rh7 Kg8 {[%emt 0:00:30] Against Rh8+} 36. Rbg7+ Kf8 37. Ra7 Kg8 {[%emt 0:00:30] Against Rh8+} 38. Rxh6 {[%emt 0:00:30] Rhh7 is the strong threat.} R1xd6 39. Rhh7 ({But not} 39. Rxa5 $2 Kg7 40. Nxg5 Kxh6 $19) 39... R8d7 {[%emt 0:00:30] Inhibits Rag7+.} 40. Rhxd7 Bxd7 41. Rxa5 {[%emt 0:00:30][%mdl 4096] Endgame KRB-KRN} Kg7 42. Ra8 Bb5 43. a4 Be2 44. a5 Kh6 45. Rh8+ Kg7 46. Rc8 Kh6 47. Rc2 Bxf3 48. gxf3 Kxh5 {[%emt 0:00:30] KR-KR} 49. Ra2 Ra6 50. f4 Kg4 ({Don't take} 50... gxf4 51. Kg2 $16) 51. Ra4 Kf3 ({Resist} 51... gxf4 52. Kg2 $16) 52. Kg1 g4 53. Kf1 Rd6 54. Ra3+ Kxf4 55. a6 {[%emt 0:00:30] White wants to mate with a7.} Rd8 56. a7 Ra8 57. Kg2 {[%emt 0:00:30] Black must now prevent Ra5.} Kg5 $1 58. Ra5 {[%emt 0:00:30] Strongly threatening Kg3.} Kf4 59. Kh2 {[%emt 0:00:30] aiming for Kg2.} Kf3 60. Rxf5+ Ke2 61. Kg3 {[%emt 0:00:30] Hoping for Ra5.} Rxa7 62. Rxf6 Ra4 63. Re6+ Kf1 64. Re5 Ra2 65. Re3 Rxf2 66. Kxg4 {[%emt 0:00:30] Weighted Error Value: White=0.05 (flawless) /Black=0.06 (flawless)} 1/2-1/2